Map: Dusk Towers

Players

Squabbles - Winner!

  • Race: Protoss Protoss

LilDicky

  • Race: Terran Terran
  • League: Diamond

VOD

http://www.twitch.tv/tumescentpie

Description

Time

  • Played on: Dec. 6, 2015, 4:38 p.m.
  • Length: 4:28
Show
View Real Time Build Order
Export as new Build Order

Squabbles Protoss - Winner!

Build Orders: Nexus First 

Get SALT Encoding   

  12  0:01  Probe (Chrono Boost)  
  13  0:12  Probe (Chrono Boost)  
  14  0:21  Pylon  
  14  0:23  Probe (Chrono Boost)  
  15  0:39  Probe (Chrono Boost)  
  16  0:49  Probe (Chrono Boost)  
  17  1:00  Probe (Chrono Boost)  
  17  1:03  Nexus  
  18  1:10  Probe (Chrono Boost)  
  19  1:17  Gateway  
  19  1:21  Probe (Chrono Boost)  
  20  1:27  Assimilator  
  20  1:31  Assimilator  
  20  1:32  Probe (Chrono Boost)  
  21  1:40  Pylon  
  21  1:45  Probe (Chrono Boost)  
  22  1:55  Gateway, Probe (Chrono Boost)  
  23  2:08  Cybernetics Core  
  23  2:14  Probe (Chrono Boost)  
  24  2:17  Probe (Chrono Boost)  
  25  2:25  Probe (Chrono Boost)  
  25  2:26  Probe (Chrono Boost), Zealot (Chrono Boost)  
  29  2:36  Probe  
  30  2:37  Probe  
  31  2:49  Mothership Core  
  35  2:52  Stalker (Chrono Boost)  
  35  2:59  Stalker (Chrono Boost)  
  35  3:01  Probe  
  38  3:10  Probe  
  39  3:22  Probe x2  
  39  3:25  Assimilator  
  41  3:29  Assimilator  
  41  3:32  Pylon  
  42  3:34  Probe  
  42  3:35  Pylon  
  42  3:36  Pylon  
  42  3:37  Robotics Facility  
  42  4:05  Pylon  
  42  4:07  Pylon  
  42  4:20  Gateway  
  42  4:22  Gateway  
  42  4:23  Pylon  
Show
View Real Time Build Order
Export as new Build Order

LilDicky Terran 

Build Orders: Command Center First (CC) 

Get SALT Encoding   

  12  0:01  SCV  
  13  0:13  SCV  
  14  0:25  SCV  
  15  0:30  Supply Depot  
  15  0:51  SCV  
  16  1:02  Command Center  
  16  1:04  SCV  
  17  1:16  SCV  
  17  1:18  Barracks  
  18  1:28  SCV  
  19  1:40  SCV  
  20  1:52  SCV  
  21  2:06  Command Center  
  22  2:13  Orbital Command  
  21  2:16  Orbital Command  
  21  2:18  Marine  
  22  2:26  Supply Depot  
  22  2:32  Refinery  
  22  2:34  Refinery  
  22  2:41  SCV  
  22  2:43  SCV  
  24  2:48  Marine  
  25  3:01  SCV x2  
  27  3:06  Marine  
  28  3:13  SCV  
  28  3:16  SCV  
  30  3:22  Orbital Command  
  30  3:23  Factory  
  30  3:25  SCV, Marine  
  32  3:31  SCV  
  33  3:41  Command Center, SCV  
  34  3:43  Marine  
  35  3:49  Refinery  
  35  3:50  Refinery  
  35  3:54  Orbital Command  
  31  4:15  Bunker, Barracks  
  33  4:18  Barracks  
  33  4:19  Barracks  
Tags
 
Add a new tag
Caveats
  • Supply blocks, unpowered buildings, or Contaminate may cause inaccurate times.
  • Supply counts are checked every 10 seconds.